 Dungeon Crawl Stone Soup version 0.28-a0-1387-g3a22ab9bdc (webtiles) character file.

Game seed: 409552262238270002

2981 thegreatkingdan the Grappler (level 9, -8/75 (85) HPs)
             Began as a Troll Berserker on Jan 3, 2022.
             Was a Priest of Trog.
             Mangled by a yak (9 damage)
             ... on level 8 of the Dungeon.
             The game lasted 01:00:52 (6685 turns).

thegreatkingdan the Grappler (Troll Berserker)      Turns: 6685, Time: 01:00:55

HP:   -8/75 (85)    AC:  7    Str: 33    XL:     9   Next: 53%
MP:   8/8           EV: 12    Int:  3    God:    Trog [***...]
Gold: 324           SH:  0    Dex: 15    Spells: 8/8 levels left

rFire   . . .      SeeInvis .     - Unarmed
rCold   . . .      Faith    .   (no shield)
rNeg    . . .      Spirit   .   B - +0 steam dragon scales
rPois   .          Reflect  .   (helmet restricted)
rElec   .          Harm     .   (no cloak)
rCorr   +          Rampage  .   (gloves unavailable)
Will    .....                   (boots unavailable)
Stlth   ++........              b - amulet of the acrobat
HPRegen 1.02/turn               v - ring "Foninwewk" {rCorr Str+2 Dex+6}
MPRegen 0.11/turn               x - ring of flight

@: lethally poisoned (-8 -> -9), flying, heavily drained
A: large, unfitting armour, claws 3, regeneration 1, shaggy fur 1, tough skin 1
a: Renounce Religion, Berserk, Trog's Hand


You were on level 8 of the Dungeon.
You worshipped Trog.
Trog was most pleased with you.
You visited 2 branches of the dungeon, and saw 9 of its levels.

You collected 324 gold pieces.

Inventory:

Hand Weapons
 g - a +0 dagger of venom
 l - a +0 hunting sling of flaming
 y - a +4 long sword of holy wrath
Missiles
 d - 82 arrows
 j - 5 large rocks
 o - 232 stones (quivered)
Armour
 a - a +0 animal skin
 B - +0 steam dragon scales (worn)
Jewellery
 b - an amulet of the acrobat (around neck)
 p - a ring of fire
 r - a ring of willpower
 v - the ring "Foninwewk" (left claw) {rCorr Str+2 Dex+6}
   (You found it on level 6 of the Dungeon)

   [ring of dexterity]

   Str:       It affects your strength (+2).
   Dex:       It affects your dexterity (+6).
   rCorr:     It protects you from acid and corrosion.
 x - a ring of flight (right claw)
Wands
 w - a wand of iceblast (8)
Scrolls
 c - 4 scrolls of enchant armour {unknown}
 e - 6 scrolls of identify {unknown}
 f - a scroll of vulnerability {unknown}
 i - 2 scrolls of enchant weapon {unknown}
 k - a scroll of blinking {unknown}
 m - 2 scrolls of teleportation {unknown}
 s - a scroll of immolation {unknown}
 z - a scroll of amnesia {unknown}
Potions
 n - a potion of berserk rage
 q - a potion of magic
 t - a potion of degeneration {unknown}
 u - a potion of invisibility {unknown}
 A - a potion of lignification {unknown}
Miscellaneous
 h - a piece from Xom's chessboard (15/15)


   Skills:
 + Level 4.6 Fighting
 + Level 6.1 Dodging
 + Level 1.3 Stealth
 + Level 10.6 Unarmed Combat
 + Level 0.2 Evocations


You had 8 spell levels left.
You didn't know any spells.
Your spell library contained the following spells:

 Spells                   Type           Power      Damage    Failure   Level
 Ensorcelled Hibernation  Hex/Ice        0%         N/A       67%         2
 Call Canine Familiar     Summ           0%         N/A       88%         3
 Dazzling Flash           Conj/Hex       0%         N/A       88%         3
 Portal Projectile        Hex/Tloc       0%         N/A       88%         3
 Spider Form              Tmut/Pois      0%         N/A       88%         3
 Iskenderun's Mystic Bla  Conj/Tloc      0%         2d3       99%         4
 Leda's Liquefaction      Hex/Erth       0%         N/A       99%         4
 Blade Hands              Tmut           0%         N/A       100%        5
 Excruciating Wounds      Necr           0%         N/A       100%        5
 Irradiate                Conj/Tmut      0%         3d13      100%        5
 Starburst                Conj/Fire      0%         6d3       100%        6
 Dragon Form              Tmut           0%         N/A       100%        7


Dungeon Overview and Level Annotations

Branches:
Dungeon (8/15)             Temple (1/1) D:4
   Lair: D:8-11

Altars:
Ashenzari
Cheibriados
Dithmenos
Elyvilon
Fedhas
Gozag
Hepliaklqana
Kikubaaqudgha
Makhleb
Nemelex Xobeh
Okawaru
Qazlal
Ru
Sif Muna
Trog
Uskayaw
Vehumet
Wu Jian
Xom
Yredelemnul
Zin
The Shining One

Shops:
D:6 *?


Innate Abilities, Weirdness & Mutations

You are too large for most types of armour.
You have claws for hands.
Your natural rate of healing is unusually fast.
You are covered in fur. (AC +1)
You have tough skin. (AC +1)


Message History

You claw the wight!
The wight is almost destroyed.
You feel sick. The killer bee misses you. The killer bee closely misses you.
The killer bee barely misses you.
The killer bee stings you but does no damage.
The wight hits you with a +0 short sword!
The orc barely misses you. The wight hits you with a +2 mace!
You feel drained.
You closely miss the wight.
The wight is almost destroyed.
You feel sick. The killer bee stings you. The killer bee barely misses you.
The killer bee stings you.
You are more poisoned.
The killer bee poisons you! The killer bee barely misses you.
The killer bee stings you. The killer bee barely misses you.
The killer bee closely misses you.
The wight hits you with a +0 short sword.
* * * LOW HITPOINT WARNING * * *
The killer bee stings you.
* * * LOW HITPOINT WARNING * * *
The orc barely misses you. The wight hits you but does no damage.
You feel very sick. The killer bee closely misses you.
The killer bee stings you but does no damage.
The killer bee misses you. The killer bee stings you.
* * * LOW HITPOINT WARNING * * *
The killer bee misses you. The killer bee barely misses you.
The killer bee stings you.
* * * LOW HITPOINT WARNING * * *
The wight hits you with a +0 short sword.
* * * LOW HITPOINT WARNING * * *
The killer bee closely misses you. The orc barely misses you.
The wight hits you with a +2 mace.
* * * LOW HITPOINT WARNING * * *
You fly downwards.
* * * LOW HITPOINT WARNING * * *
You feel very sick. The killer bee misses you.
The killer bee barely misses you.
A gnoll shaman comes into view. It is wielding a +0 whip.
The yak gores you!
You die...

............
..........###
...........#
#...........
####.....[..#..
.............#
##..yyo..#
#Y.Yz@z..#
.Y....Yyy###
......yz.#
.#g.......
gY........#
##........#
#..........
............


You could see 5 yaks, a gnoll shaman (wandering), 5 killer bees, 3 wights, a
gnoll (wandering) and an orc.

Vanquished Creatures
  A cyclops (D:6)
  The ghost of Clumpoid the Slasher, a novice VSFi of Makhleb (D:5)
  A troll (D:6)
  2 steam dragons (D:7)
  4 orc warriors
  2 ogres
  A kobold brigand (D:6)
  A gnoll sergeant (D:6)
  5 wights
  A howler monkey (D:5)
  A centaur zombie (D:5)
  4 bullfrog zombies
  3 hounds
  2 jellies (D:6)
  2 bullfrog skeletons
  An orc priest (D:7)
  A gnoll shaman (D:7)
  2 iguanas
  An orc wizard (D:4)
  A hound skeleton (D:4)
  11 gnolls
  9 adders
  A white imp (D:7)
  3 ufetubi
  3 worms
  17 orcs
  10 endoplasms
  5 giant cockroaches
  6 goblins
  7 hobgoblins
  9 quokkas
  10 ball pythons
  5 bats
  3 frilled lizards
  13 kobolds
  6 rats
155 creatures vanquished.

Vanquished Creatures (collateral kills)
  A wight (D:6)
1 creature vanquished.

Vanquished Creatures (others)
  A plant (D:4)
1 creature vanquished.

Grand Total: 157 creatures vanquished

Notes
Turn   | Place    | Note
-------+----------+-------------------------------------------
     0 | D:1      | thegreatkingdan the Troll Berserker began the quest for the
                  | Orb.
     0 | D:1      | Reached XP level 1. HP: 22/22 MP: 0/0
   140 | D:1      | Reached XP level 2. HP: 29/29 MP: 1/1
   499 | D:1      | Found a faded altar of an unknown god.
   808 | D:2      | Reached XP level 3. HP: 18/36 MP: 2/2
   894 | D:2      | Reached ** piety under Trog
  1716 | D:3      | Reached XP level 4. HP: 45/45 MP: 3/3
  1736 | D:3      | Reached skill level 4 in Unarmed Combat
  1923 | D:3      | Found a sparkling altar of Nemelex Xobeh.
  2439 | D:4      | Reached XP level 5. HP: 50/53 MP: 4/4
  2620 | D:4      | Found a staircase to the Ecumenical Temple.
  2621 | D:4      | Noticed an ogre
  2625 | D:4      | Killed an ogre
  2626 | D:4      | Reached skill level 5 in Unarmed Combat
  2628 | D:4      | Reached *** piety under Trog
  2743 | D:4      | Reached XP level 6. HP: 16/61 MP: 5/5
  3285 | D:4      | Reached skill level 6 in Unarmed Combat
  3715 | Temple   | Entered the Ecumenical Temple
  3889 | D:5      | Entered Level 5 of the Dungeon
  4091 | D:5      | Reached XP level 7. HP: 64/67 MP: 6/6
  4234 | D:5      | Found a runed translucent gate.
  4235 | D:5      | Found a runed translucent gate.
  4235 | D:5      | Found a runed translucent gate.
  4237 | D:5      | Noticed Clumpoid's ghost (novice VSFi)
  4256 | D:5      | Killed Clumpoid's ghost
  4257 | D:5      | Reached skill level 7 in Unarmed Combat
  4853 | D:6      | Reached XP level 8. HP: 78/78 MP: 7/7
  4945 | D:6      | Reached skill level 8 in Unarmed Combat
  4964 | D:6      | Noticed a troll
  4971 | D:6      | Killed a troll
  5093 | D:6      | Reached **** piety under Trog
  5101 | D:6      | Reached skill level 5 in Dodging
  5107 | D:6      | Reached skill level 1 in Stealth
  5127 | D:6      | Reached skill level 9 in Unarmed Combat
  5148 | D:6      | Noticed a cyclops
  5166 | D:6      | Killed a cyclops
  5167 | D:6      | Reached XP level 9. HP: 47/84 MP: 8/8
  5239 | D:6      | Identified the ring "Foninwewk" {rCorr Str+2 Dex+6}
  5283 | D:6      | Found Amest's Magic Scroll Boutique.
  5293 | D:6      | Found Kunoess's Mass Market.
  5876 | D:7      | Reached skill level 10 in Unarmed Combat
  6684 | D:7      | HP: 3/75 [wight (4)]
  6685 | D:8      | HP: 1/75 [poisoned by a killer bee]
  6685 | D:8      | Mangled by a yak

Illustrated notes

Levels and vault maps discovered:
D:1:      minmay_arrival_cross, layout_loops_ring,
          dilly_ecumenical_altar_fadedgnrine
D:2:      layout_loops_corners
D:3:      minmay_octagon_keep, layout_basic, mainiacjoe_overflow_cross_hatched,
          skrybe_limestone_x, kennysheep_generic_room_6
D:4:      minmay_chambers_of_threes, layout_loops_corners,
          minmay_temple_entry_mini_moons, minivault_25, minmay_misc_feat_rugged,
          serial_bayou_lagoon_a
D:5:      layout_loops_corners, gammafunk_ghost_necromancy
D:6:      layout_cave_pools, serial_shops, nicolae_shop_window_shopping,
          minmay_shop_mass, kb_rosetta
D:7:      layout_basic
D:8:      layout_rooms
Temple:   nicolae_temple_the_god_donut

Skill      XL: |  1  2  3  4  5  6  7  8  9 |
---------------+----------------------------+-----
Dodging        | 3 4 5 6 |  6.1
Fighting       | 3 4 |  4.6
Unarmed Combat | 4 5 6 7 9 10 | 10.6
Stealth        | 1 |  1.3
Evocations     | |  0.2

Action                   |  1- 3 |  4- 6 |  7- 9 || total
-------------------------+-------+-------+-------++-------
Melee: Unarmed           |   111 |   185 |   146 ||   442
       Punch             |       |     5 |    11 ||    16
Invok: Brothers in Arms  |       |       |     2 ||     2
       Berserk           |       |       |     1 ||     1
       Trog's Hand       |       |       |     1 ||     1
Evoke: Piece from Xom's  |       |     2 |       ||     2
  Use: Potion            |     2 |     6 |     5 ||    13
 Stab: Sleeping          |       |       |     1 ||     1
Armor: Animal skin       |    27 |    51 |    28 ||   106
       Steam dragon scal |       |       |    11 ||    11
Dodge: Dodged            |    66 |   126 |   127 ||   319

Table legend: (Time is in decaauts)
 A = Elapsed time spent in this place.
 B = Non-inter-level travel time spent in this place.
 C = Inter-level travel time spent in this place.
 D = Time resting spent in this place.
 E = Time spent auto-exploring this place.
 F = Levels seen in this place.
 G = Mean time per level.
                   A        B        C        D        E       F      G
               +--------+--------+--------+--------+--------+-----+--------+
         Total |   6643 |   6640 |      3 |    178 |   3803 |   9 |  738.1 |
       Dungeon |   6515 |   6512 |      3 |    178 |   3803 |   8 |  814.4 |
        Temple |    127 |    127 |      0 |      0 |      0 |   1 |  127.0 |
               +--------+--------+--------+--------+--------+-----+--------+

Top non-repeatable levels by time:
     D:4: 1344 daAuts
     D:7: 1052 daAuts
     D:2: 914 daAuts
     D:5: 881 daAuts
     D:6: 831 daAuts
     D:3: 745 daAuts
     D:1: 742 daAuts
  Temple: 127 daAuts
     D:8: 4 daAuts
